 Dungeon Crawl Stone Soup version 0.27-a0-1312-g5cdb2b3542 (webtiles) character file.

Game seed: 2583654688050784191

98 bjtr the Stinger (level 4, -1/25 HPs)
             Began as a Gargoyle Venom Mage on June 19, 2021.
             Slain by Sigmund (3 damage)
             ... on level 3 of the Dungeon on June 20, 2021.
             The game lasted 00:15:29 (3115 turns).

bjtr the Stinger (Gargoyle Venom Mage)              Turns: 3115, Time: 00:15:29

Health: -1/25      AC:  5    Str: 18    XL:     4   Next: 69%
Magic:  0/16       EV: 12    Int: 16    God:
Gold:   89         SH:  0    Dex: 10    Spells: 1/8 levels left

rFire    . . .     SeeInvis .   d - +0 dagger
rCold    . . .     Faith    .   (no shield)
rNeg     + . .     Spirit   +   a - +0 robe
rPois    ∞         Reflect  .   (no helmet)
rElec    +         Harm     .   (no cloak)
rCorr    .         Rampage  .   (no gloves)
Will     .....                  (no boots)
Stlth    ++........             b - amulet of guardian spirit
HPRegen  0.08/turn              c - +6 ring of strength
MPRegen  0.15/turn              j - ring of magical power

@: flying
A: sickness immunity, AC +3, negative energy resistance 1, electricity
resistance, torment resistance 1, petrification resistance
a: no special abilities


You were on level 3 of the Dungeon.
You visited 1 branch of the dungeon, and saw 3 of its levels.

You collected 89 gold pieces.

Inventory:

Hand Weapons
 d - a +0 dagger (weapon)
Missiles
 i - 2 throwing nets
Armour
 a - a +0 robe (worn)
Jewellery
 b - an amulet of guardian spirit (around neck)
 c - a +6 ring of strength (left hand)
 j - a ring of magical power (right hand)
Scrolls
 f - a scroll of brand weapon {unknown}
 k - a scroll of fog {unknown}
 l - a scroll of noise {unknown}
Potions
 e - a potion of flight
 g - 2 potions of curing {unknown}
 h - 2 potions of might {unknown}
 m - a potion of cancellation {unknown}
 n - a potion of berserk rage {unknown}
 o - a potion of brilliance {unknown}


   Skills:
 * Level 1.2 Fighting
 + Level 2.0 Dodging
 + Level 2.4 Stealth
 + Level 2.5 Spellcasting
 + Level 1.9 Transmutations
 + Level 3.6 Poison Magic


You had one spell level left.
You knew the following spells:

 Your Spells              Type           Power      Damage    Failure   Level
a - Sting                 Tmut/Pois      40%        1d5       6%          1
b - Mephitic Cloud        Conj/Pois/Air  5%         N/A       34%         3
c - Ignite Poison         Fire/Tmut/Pois 7%         N/A       28%         3

Your spell library contained the following spells:

 Spells                   Type           Power      Damage    Failure   Level
 Summon Small Mammal      Summ           8%         N/A       21%         1
 Poisonous Vapours        Pois/Air       14%        N/A       14%         2
 Call Imp                 Summ           2%         N/A       30%         2
 Olgreb's Toxic Radiance  Pois           13%        N/A       41%         4
 Call Canine Familiar     Summ           2%         N/A       52%         3
 Summon Guardian Golem    Hex/Summ       2%         N/A       52%         3
 Summon Ice Beast         Ice/Summ       2%         N/A       89%         4
 Summon Lightning Spire   Summ/Air       2%         N/A       89%         4


Dungeon Overview and Level Annotations

Branches:
Dungeon (3/15)

Altars:

Shops:
D:1 (   D:2 [::

Annotations:
D:3 Sigmund


Innate Abilities, Weirdness & Mutations

You are immune to sickness and miasma.
Your stone body is resilient. (AC +3)
You are immune to poison.
You resist negative energy. (rN+)
You are resistant to electric shocks. (rElec)
You are resistant to unholy torment.
You are immune to petrification.


Message History

Aiming: Sting (safe; 6% risk of failure)
Press: ? - help, Shift-Dir - straight line The sting hits something but does no damage.
Unknown command.
Casting: Sting (safe; 6% risk of failure)
Confirm with . or Enter, or press ? or * to list all spells.
Aiming: Sting (safe; 6% risk of failure)
Press: ? - help, Shift-Dir - straight line The giant cockroach misses you.
Something hits you.
The giant cockroach bites you but does no damage.
Unknown command.
Casting: Sting (safe; 6% risk of failure)
Confirm with . or Enter, or press ? or * to list all spells.
Aiming: Sting (safe; 6% risk of failure)
Press: ? - help, Shift-Dir - straight line The sting hits something.
Something hits you!
The giant cockroach bites you but does no damage.
Unknown command.
A kobold comes into view. It is wielding a +0 club.
You aren't carrying any items that you can evoke.
The kobold shouts!
You hit the giant cockroach but do no damage.
The giant cockroach closely misses you.
You barely miss the giant cockroach. The giant cockroach misses you.
Something hits you!
* * * LOW HITPOINT WARNING * * *
The giant cockroach closely misses you.
Unknown command.
The giant cockroach bites you.
* * * LOW HITPOINT WARNING * * *
The giant cockroach closely misses you. The giant cockroach bites you.
* * * LOW HITPOINT WARNING * * *
Your magical contamination has completely faded away.
The giant cockroach bites you.
* * * LOW HITPOINT WARNING * * *
It was a potion of flight.
You feel very buoyant.
You fly up into the air.
Something hits you.
You die...

.......##..###....## ##.#
.####..........###.##
##.###### .####...#..#####
##.###....†..#
........#..# ##.#.######.#
#####..##..#
##.#######.###
.......##.†# ####....K....
......###..# #.####.###
#########..#############.#
#....
.........)......@B.K.....#
#####
#####.#.##################
# #.#.# ## #.#.# .## #.#.#
..###.#.# .........
......#.# .## ###


You could see a giant cockroach and a kobold.

Vanquished Creatures
  4 adders
  A worm (D:3)
  2 dart slugs
  11 bats
  4 endoplasms (D:2)
  2 giant cockroaches
  5 goblins
  4 hobgoblins
  3 jackals (D:2)
  4 kobolds
  4 quokkas
  4 ball pythons (D:1)
  2 frilled lizards
  4 rats (D:1)
54 creatures vanquished.

Vanquished Creatures (others)
  9 plants (D:2)
9 creatures vanquished.

Grand Total: 63 creatures vanquished

Notes
Turn   | Place    | Note
-------+----------+-------------------------------------------
     0 | D:1      | bjtr the Gargoyle Venom Mage began the quest for the Orb.
     0 | D:1      | Reached XP level 1. HP: 10/10 MP: 3/3
   204 | D:1      | Found Ivyb Tuce's Antique Weapon Boutique.
   219 | D:1      | Reached skill level 1 in Transmutations
   433 | D:1      | Reached XP level 2. HP: 11/15 MP: 5/5
  1738 | D:2      | Reached XP level 3. HP: 19/19 MP: 3/6
  2029 | D:2      | Found Emeh's Book Shop.
  2065 | D:2      | Found Zeliluze's Armour Shop.
  2270 | D:2      | Found Eleigut's Book Emporium.
  2404 | D:2      | Reached XP level 4. HP: 24/24 MP: 7/7
  2588 | D:2      | Found a faded altar of an unknown god.
  2801 | D:3      | Reached skill level 1 in Fighting
  2851 | D:3      | Learned a level 3 spell: Mephitic Cloud
  2855 | D:3      | Learned a level 3 spell: Ignite Poison
  3081 | D:3      | Noticed Sigmund
  3115 | D:3      | Slain by Sigmund

Illustrated notes

Levels and vault maps discovered:
D:1:      pf_arrival_petrified_forest, layout_basic, serial_shops,
          nicolae_shop_statue_plus
D:2:      layout_basic, serial_shops, shop_fountains, shop,
          nicolae_shop_behind_doors, hellmonk_ecumenical_altar_leap_of_faith,
          kennysheep_pointless_box, serial_bayou_pond_c
D:3:      minmay_spotlight, layout_loops_ring, uniq_sigmund

Skill      XL: |  1  2  3  4 |
---------------+-------------+-----
Transmutations | 1 |  1.9
Dodging        | 2 |  2.0
Fighting       | 1 |  1.2
Stealth        | |  2.4
Spellcasting   | |  2.5
Poison Magic   | |  3.6

Action                   |  1- 3 |  4- 6 || total
-------------------------+-------+-------++-------
Melee: Unarmed           |    17 |       ||    17
       Dagger            |    81 |    20 ||   101
 Cast: Sting             |    58 |    32 ||    90
       Mephitic Cloud    |       |     1 ||     1
  Use: Potion            |       |     1 ||     1
 Stab: Sleeping          |     3 |       ||     3
Armor: Robe              |    49 |    16 ||    65
Dodge: Dodged            |   106 |    27 ||   133

Table legend: (Time is in decaauts)
 A = Elapsed time spent in this place.
 B = Non-inter-level travel time spent in this place.
 C = Inter-level travel time spent in this place.
 D = Time resting spent in this place.
 E = Time spent auto-exploring this place.
 F = Levels seen in this place.
 G = Mean time per level.
                   A        B        C        D        E       F      G
               +--------+--------+--------+--------+--------+-----+--------+
         Total |   3120 |   3108 |     12 |    571 |   1951 |   3 | 1040.0 |
       Dungeon |   3120 |   3108 |     12 |    571 |   1951 |   3 | 1040.0 |
               +--------+--------+--------+--------+--------+-----+--------+

Top non-repeatable levels by time:
     D:1: 1732 daAuts
     D:2: 955 daAuts
     D:3: 432 daAuts
